 Dungeon Crawl Stone Soup version 0.21.1-1-g345015fe64 (webtiles) character file.

473 Hawk2021 the Chopper (level 7, 0/61 HPs)
             Began as a Hill Orc Fighter on July 2, 2018.
             Was an Initiate of Beogh.
             Succumbed to tidbits's ghost's poison
             ... on level 4 of the Dungeon.
             The game lasted 00:12:20 (3814 turns).

Hawk2021 the Chopper (Hill Orc Fighter)             Turns: 3814, Time: 00:12:20

Health: 0/61       AC: 13    Str: 19    XL:     7   Next: 10%
Magic:  7/7        EV:  1    Int: 10    God:    Beogh [......]
Gold:   229        SH: 14    Dex: 10    Spells: 6/6 levels left

rFire    . . .     SeeInvis .   a - +0 war axe
rCold    . . .     Gourm    .   w - +0 large shield
rNeg     . . .     Faith    .   f - +0 plate armour (curse)
rPois    .         Spirit   .   (no helmet)
rElec    .         Reflect  .   i - +0 cloak
rCorr    .         Harm     .   (no gloves)
MR       .....                  (no boots)
Stlth    ..........             (no amulet)
HPRegen  0.20/turn              (no ring)
MPRegen  0.10/turn              (no ring)

@: lethally poisoned (0 -> -15)
A: no striking features
a: Renounce Religion


You were on level 4 of the Dungeon.
You worshipped Beogh.
Beogh was noncommittal.
You were hungry.

You visited 1 branch of the dungeon, and saw 4 of its levels.

You collected 229 gold pieces.

Inventory:

Hand Weapons
 a - a +0 war axe (weapon)
 x - a +0 mace of crushing
Armour
 f - a cursed +0 plate armour (worn)
 i - a +0 cloak (worn)
 w - a +0 large shield (worn)
Jewellery
 n - a +2 ring of dexterity {unknown}
 u - an uncursed ring of stealth {unknown}
Scrolls
 g - a scroll of noise {unknown}
 h - 3 scrolls of magic mapping {unknown}
 j - a scroll of enchant weapon {unknown}
 k - 4 scrolls of identify {unknown}
 o - a scroll of blinking {unknown}
 q - 2 scrolls of teleportation {unknown}
 r - a scroll of remove curse {unknown}
 s - 2 scrolls of enchant armour {unknown}
Potions
 b - a potion of resistance {unknown}
 c - a potion of lignification {unknown}
 d - 3 potions of might
 l - 2 potions of heal wounds {unknown}
 m - a potion of haste {unknown}
 p - 3 potions of curing {unknown}
 t - a potion of magic {unknown}
 v - a potion of brilliance {unknown}
Comestibles
 e - 8 rations
 z - a chunk of flesh


   Skills:
 + Level 5.3 Fighting
 * Level 6.5 Axes
 + Level 4.8 Armour
 + Level 4.8 Shields


You had 6 spell levels left.
You didn't know any spells.

Dungeon Overview and Level Annotations

Branches:
Dungeon (4/15)
 Temple: D:4-7

Altars:
Okawaru
Wu Jian
The Shining One

Annotations:
D:4 tidbits's ghost, amateur GnNe


Message History

You closely miss tidbits's ghost.
* * * LOW HITPOINT WARNING * * *
You feel very sick.
Tidbits's ghost hits you but does no damage.
You block tidbits's ghost's attack.
* * * LOW HITPOINT WARNING * * *
You feel sick.
* * * LOW HITPOINT WARNING * * *
You feel sick.
* * * LOW HITPOINT WARNING * * *
You feel sick.
Tidbits's ghost is no longer regenerating.
* * * LOW HITPOINT WARNING * * *
You feel sick.
* * * LOW HITPOINT WARNING * * *
You feel sick.
* * * LOW HITPOINT WARNING * * *
You feel sick.
There is a stone staircase leading up here.
You die...

#)........# #..†
#........## ####
#####........# #
....)........# #
....>.....###### #
...............##########
..........#.............#
........W.#.##.########.#
........@.#.##........#.#
..........#.##..#.......#
##........#.##..#...#..(#
##########.##..#.#.#...#
#.##..#..<....#
#.#...###.#####
#.#.#..........
#.#.......#####
#.######..#


You could see tidbits's ghost.

Vanquished Creatures
  Sigmund (D:2)
  The ghost of Artool the Charmwright, an amateur GnSk (D:3)
  Natasha (thrice) (D:3)
  Terence (D:2)
  6 adders
  An ooze (D:1)
  2 worms (D:3)
  2 dart slugs
  3 leopard geckos
  6 orcs
  5 giant cockroaches
  5 goblins
  5 hobgoblins
  6 kobolds
  A quokka (D:2)
  2 ball pythons (D:1)
  7 bats
  2 frilled lizards
  A leopard gecko skeleton (D:4)
  A rat (D:1)
61 creatures vanquished.

Vanquished Creatures (others)
  An orc priest (D:4)
  An orc wizard (D:4)
2 creatures vanquished.

Grand Total: 63 creatures vanquished

Notes
Turn   | Place    | Note
-------+----------+-------------------------------------------
     0 | D:1      | Hawk2021 the Hill Orc Fighter began the quest for the Orb.
     0 | D:1      | Reached XP level 1. HP: 19/19 MP: 1/1
   176 | D:1      | Reached skill level 3 in Axes
   207 | D:1      | Reached XP level 2. HP: 23/27 MP: 2/2
   458 | D:1      | Reached XP level 3. HP: 33/33 MP: 3/3
   884 | D:2      | Noticed Terence
   894 | D:2      | Killed Terence
   906 | D:2      | Reached skill level 4 in Axes
   906 | D:2      | Reached XP level 4. HP: 13/40 MP: 4/4
  1413 | D:2      | Noticed Sigmund
  1449 | D:2      | Killed Sigmund
  1449 | D:2      | Reached skill level 5 in Axes
  1449 | D:2      | Reached XP level 5. HP: 7/47 MP: 5/5
  1449 | D:2      | Reached XP level 6. HP: 8/55 MP: 6/6
  1897 | D:2      | Found an iron altar of Okawaru.
  1907 | D:2      | Found a glowing golden altar of the Shining One.
  2116 | D:3      | Found a faded altar of an unknown god.
  2296 | D:3      | Noticed Natasha
  2302 | D:3      | Killed Natasha
  2307 | D:3      | Noticed Natasha
  2663 | D:3      | Killed Natasha
  2663 | D:3      | Reached skill level 5 in Fighting
  2719 | D:3      | Found an ornate altar of the Wu Jian Council.
  2755 | D:3      | Noticed Artool's ghost (amateur GnSk)
  2778 | D:3      | Killed Artool's ghost
  2778 | D:3      | Reached skill level 6 in Axes
  3161 | D:3      | Noticed Natasha
  3168 | D:3      | Killed Natasha
  3168 | D:3      | Reached XP level 7. HP: 58/61 MP: 7/7
  3652 | D:4      | Became a worshipper of Beogh the Brigand
  3788 | D:4      | Noticed tidbits's ghost (amateur GnNe)
  3812 | D:4      | HP: 3/61 [poisoned by tidbits's ghost]
  3813 | D:4      | HP: 1/61 [poisoned by tidbits's ghost]
  3814 | D:4      | Succumbed to tidbits's ghost's poison

Skill      XL: |  1  2  3  4  5  6 |
---------------+-------------------+-----
Axes           | 3 4 5 6 |  6.5
Fighting       | 4 5 |  5.3
Armour         | 4 |  4.8
Shields        | 4 |  4.8

Action                   |  1- 3 |  4- 6 |  7- 9 || total
-------------------------+-------+-------+-------++-------
Melee: War axe           |    94 |   184 |    59 ||   337
       Unarmed           |       |    16 |       ||    16
Invok: Convert to Beogh  |       |       |     1 ||     1
  Eat: Chunk             |       |     5 |     1 ||     6
       Ration            |       |     1 |       ||     1
Armor: Plate armour      |    67 |   109 |    26 ||   202
       Scale mail        |     3 |       |       ||     3
       Skin              |       |     6 |       ||     6
Dodge: Dodged            |    18 |    26 |     2 ||    46
Block: Shield            |    49 |    86 |       ||   135
       Large shield      |       |       |    42 ||    42
